 Dungeon Crawl Stone Soup version 0.29.0-4-gdea44cf6ec (webtiles) character file.

Game seed: 3710749236369574266

51 qw the Ruffian (level 3, -2/28 HPs)
             Began as a Ghoul Fire Elementalist on Aug 29, 2022.
             Slain by a hobgoblin
             ... wielding a +0 dagger
              (3 damage)
             ... on level 2 of the Dungeon.
             The game lasted 00:01:47 (1855 turns).

qw the Ruffian (Ghoul Fire Elementalist)            Turns: 1855, Time: 00:01:48

Health: -2/28      AC:  5    Str: 13    XL:     3   Next: 83%
Magic:  4/4        EV: 10    Int: 10    God:
Gold:   111        SH:  0    Dex:  9    Spells: 4/5 levels left

rFire   . . .      SeeInvis .     - Unarmed
rCold   + . .      Faith    .   (no shield)
rNeg    + + +      Spirit   .   d - +0 ring mail
rPois   inf        Reflect  .   (no helmet)
rElec   .          Harm     .   (no cloak)
rCorr   .          Rampage  .   (no gloves)
Will    .....                   (no boots)
Stlth   +.........              (no amulet)
HPRegen 0.00/turn               (no ring)
MPRegen 0.09/turn               (no ring)

@: inhibited regen
A: claws 1, cold resistance 1, negative energy resistance 3, inhibited
regeneration, torment resistance 2, devour on kill
a: no special abilities


You were on level 2 of the Dungeon.
You visited 1 branch of the dungeon, and saw 2 of its levels.

You collected 111 gold pieces.


Innate Abilities, Weirdness & Mutations

You are immune to poison.
You have sharp fingernails.
Your flesh is cold resistant. (rC+)
You are immune to negative energy. (rN+++)
You do not regenerate when monsters are visible.
You are immune to unholy pain and torment.
You thrive by killing the living.


   Skills:
 - Level 1.2 Fighting
 - Level 1.7 Dodging
 - Level 2.1 Stealth
 + Level 3.3 Unarmed Combat
 - Level 1.7 Spellcasting
 - Level 0.7 Conjurations
 - Level 2.4 Fire Magic


You had 4 spell levels left.
You knew the following spells:

 Your Spells              Type           Power      Damage    Failure   Level
a - Foxfire               Conj/Fire      16%        2x1d4     36%         1

Your spell library contained the following spells:

 Spells                   Type           Power      Damage    Failure   Level
 Scorch                   Fire           10%        2d6       36%         2
 Conjure Flame            Conj/Fire      4%         6-21      73%         3
 Inner Flame              Hex/Fire       3%         N/A       78%         3
 Flame Wave               Conj/Fire      4%         2d5       98%         4

Inventory:

Armour
 d - a +0 ring mail (worn)
Scrolls
 c - a scroll of poison {unknown}
 e - a scroll of vulnerability {unknown}
Potions
 a - a potion of mutation {unknown}
 b - a potion of heal wounds {unknown}
 f - a potion of resistance {unknown}

Dungeon Overview and Level Annotations

Branches:
Dungeon (2/15)

Altars:


Message History

The adder bites you but does no damage.
The hobgoblin hits you with a +0 dagger.
You miss the adder.
The adder is moderately wounded.
The adder bites you.
The hobgoblin hits you with a +0 dagger.
You barely miss the adder.
The adder is moderately wounded.
The adder bites you. The adder closely misses you.
You scratch the adder but do no damage.
The adder is moderately wounded.
The hobgoblin misses you. The adder bites you but does no damage.
You miss the adder.
The adder is moderately wounded.
The hobgoblin closely misses you. The adder bites you but does no damage.
You scratch the adder.
The adder is heavily wounded.
The hobgoblin barely misses you. The adder bites you but does no damage.
You scratch the adder.
The adder is heavily wounded.
The adder completely misses you.
The hobgoblin hits you but does no damage.
You closely miss the adder.
The adder is heavily wounded.
The adder bites you but does no damage.
The hobgoblin hits you but does no damage.
You scratch the adder.
The adder is almost dead.
The adder closely misses you.
The hobgoblin hits you with a +0 dagger.
The adder bites you but does no damage.
You scratch the adder but do no damage.
The adder is almost dead.
The adder bites you but does no damage.
The hobgoblin hits you with a +0 dagger.
You barely miss the adder.
The adder is almost dead.
The adder completely misses you.
The hobgoblin hits you with a +0 dagger.
You die...

#..# #.....#...# ##.##
#....##:..## #..#
######.^........## #
###.####..%.............#.#
.........#####............#
####..#### ##............#
##.# ####.............# #.#
#....#.........#.# #.#
#.....g@..#...##.# #.#
#.....S######## # #..
#......# ##. #...... .
#...#.. #. ....#.? ... ...
## ...


You could see an adder and a hobgoblin.

Vanquished Creatures
  An adder (D:2)
  2 dart slugs (D:1)
  3 ball pythons
  6 endoplasms
  A giant cockroach (D:1)
  3 goblins (D:1)
  5 hobgoblins
  3 jackals (D:1)
  A quokka (D:1)
  3 bats
  3 frilled lizards (D:1)
  3 kobolds (D:1)
  2 rats
36 creatures vanquished.

Notes
Turn   | Place    | Note
-------+----------+-------------------------------------------
     0 | D:1      | qw the Ghoul Fire Elementalist began the quest for the Orb.
     0 | D:1      | Reached XP level 1. HP: 14/14 MP: 2/2
     0 | D:1      | 0 ||| qw: Version: 0.1-a-90-g952f4b7
     0 | D:1      | 0 ||| qw: Game counter: 4150
     0 | D:1      | 0 ||| qw: Always use a shield: true
     0 | D:1      | 0 ||| qw: God list: Okawaru
     0 | D:1      | 0 ||| qw: Allow faded altars: false
     0 | D:1      | 0 ||| qw: Do Orc after D:15 true
     0 | D:1      | 0 ||| qw: Do second Lair branch before Depths: true
     0 | D:1      | 0 ||| qw: Lair rune preference: random
     0 | D:1      | 0 ||| qw: Plans: Normal
     0 | D:1      | 0 ||| PLANNING D:1-11
    17 | D:1      | 17 ||| Stepping ~*~*~tactically~*~*~ (stealth).
    29 | D:1      | Reached skill level 1 in Unarmed Combat
    62 | D:1      | 62 ||| Stepping ~*~*~tactically~*~*~ (stealth).
    65 | D:1      | 65 ||| Stepping ~*~*~tactically~*~*~ (stealth).
    70 | D:1      | 70 ||| Stepping ~*~*~tactically~*~*~ (stealth).
   131 | D:1      | 131 ||| Stepping ~*~*~tactically~*~*~ (stealth).
   144 | D:1      | Reached skill level 1 in Fighting
   144 | D:1      | Reached XP level 2. HP: 21/23 MP: 3/3
   179 | D:1      | 179 ||| Stepping ~*~*~tactically~*~*~ (stealth).
   549 | D:1      | 549 ||| Stepping ~*~*~tactically~*~*~ (stealth).
   551 | D:1      | 551 ||| Stepping ~*~*~tactically~*~*~ (stealth).
   555 | D:1      | 555 ||| Stepping ~*~*~tactically~*~*~ (stealth).
   557 | D:1      | 557 ||| Stepping ~*~*~tactically~*~*~ (stealth).
   559 | D:1      | 559 ||| Stepping ~*~*~tactically~*~*~ (stealth).
   563 | D:1      | 563 ||| Stepping ~*~*~tactically~*~*~ (stealth).
   579 | D:1      | 579 ||| Stepping ~*~*~tactically~*~*~ (stealth).
   591 | D:1      | 591 ||| Stepping ~*~*~tactically~*~*~ (stealth).
   609 | D:1      | Reached skill level 2 in Unarmed Combat
   834 | D:1      | 834 ||| Stepping ~*~*~tactically~*~*~ (stealth).
   844 | D:1      | Reached XP level 3. HP: 21/28 MP: 4/4
  1120 | D:1      | 1120 ||| Stepping ~*~*~tactically~*~*~ (outnumbered).
  1489 | D:1      | Found a faded altar of an unknown god.
  1497 | D:1      | 1497 ||| UPGRADING to +0 ring mail.
  1507 | D:1      | 1507 ||| DROPPING +0 robe.
  1508 | D:1      | 1508 ||| READING scroll labelled BITISUMEMY.
  1509 | D:1      | 1509 ||| READING scroll labelled CAROEG SE HAO.
  1510 | D:1      | 1510 ||| READING scroll labelled HIH SOMEULUFE.
  1511 | D:1      | 1511 ||| DROPPING potion of magic.
  1561 | D:2      | 1561 ||| STAIRDANCE
  1647 | D:2      | 1647 ||| Stepping ~*~*~tactically~*~*~ (stealth).
  1730 | D:2      | 1730 ||| Stepping ~*~*~tactically~*~*~ (stealth).
  1731 | D:2      | 1731 ||| Stepping ~*~*~tactically~*~*~ (stealth).
  1734 | D:2      | Reached skill level 3 in Unarmed Combat
  1770 | D:2      | 1770 ||| Stepping ~*~*~tactically~*~*~ (stealth).
  1846 | D:2      | HP: 6/28 [adder (2)]
  1853 | D:2      | HP: 2/28 [hobgoblin/+0 dagger (2)]
  1855 | D:2      | Slain by a hobgoblin

Levels and vault maps discovered:
D:1:      dpeg_arrival_simpleton_a, layout_loops_ring,
          shapermc_ecumenical_altar_pompeii
D:2:      layout_rooms, minmay_tromino_v2

Skill      XL: |  1  2  3 |
---------------+----------+-----
Unarmed Combat | 1 2 3 |  3.3
Fighting       | 1 |  1.2
Dodging        | |  1.7
Stealth        | |  2.1
Spellcasting   | |  1.7
Conjurations   | |  0.7
Fire Magic     | |  2.4

Action                   || total
-------------------------++-------
Melee: Unarmed           ||   179
       Punch             ||     4
  Use: Scroll            ||     3
 Stab: Distracted        ||     1
Armor: Robe              ||    20
       Ring mail         ||    24
Dodge: Dodged            ||    98

Table legend:
 A = Non-vault XP
 B = Vault XP
 C = Vault XP percentage of total XP
 D = Non-vault monster count
 E = Vault monster count
 F = Vault count percentage of total count
                 A         B        C        D         E       F
            +---------+---------+-------+---------+---------+-------
      Total |      71 |       3 |   4.1 |      34 |       2 |   5.6
            +---------+---------+-------+---------+---------+-------
        D:1 |      51 |       2 |   3.8 |      28 |       1 |   3.4
        D:2 |      20 |       1 |   4.8 |       6 |       1 |  14.3
            +---------+---------+-------+---------+---------+-------
